 Dungeon Crawl Stone Soup version 0.28.0-43-g3370ac3207 (webtiles) character file.

Game seed: 288186761460002116

309832 porpoise the Warrior (level 22, 0/185 HPs)
             Began as a Djinni Conjurer on Feb 27, 2022.
             Was a High Priest of Ashenzari.
             Killed from afar by an ironbound frostheart (10 damage)
             ... by creeping frost
             ... on level 2 of the Vaults on Mar 5, 2022.
             The game lasted 06:50:52 (79929 turns).

porpoise the Warrior (Djinni Conjurer)             Turns: 79929, Time: 06:50:53

Health: 0/185      AC: 26    Str: 10    XL:     22   Next: 17%
Gold:   1653       EV: 34    Int: 29    God:    Ashenzari [*****.] SH: 10 Dex: 18

rFire   + + .      SeeInvis +   a - staff of air
rCold   + . .      Faith    .   R - +2 buckler "I Knew You'd Do That" {rF+, Cun, Self} (curse)
rNeg    + . .      Spirit   .   d - +7 Kryia's mail coat {PotionHeal*2 rC+, Self, Evo} (curse)
rPois   ∞          Reflect  .   H - +0 helmet "Perceptive Anarchy" {rF- Int+5, Evo, Self} (curse)
rElec   +          Harm     .   X - +2 cloak "Shackled With Me" {Contam rElec Will++ SInv, Cun, Fort} (curse)
rCorr   +          Rampage  .   K - +2 pair of gloves {Dex+3}
Will    +++++      Clarity  +   (boots unavailable)
Stlth   +++++.....              N - amulet "I Knew You'd Do That" {Acrobat, Cun, Fort} (curse)
HPRegen 0.40/turn               z - ring "Ennui of Ashenzari" {rN+, Self, Melee} (curse)
MPRegen 0.00/turn               q - ring of the Shattered Comet {Drain rC+ Will++ rCorr MP-9, Self, Evo} (curse)

@: acrobatic, flying, studying Long Blades
A: sickness immunity, fire resistance 2, cold vulnerability 1, float, innate
caster, HP casting, extra vitality 1
}: 2/15 runes: decaying, gossamer
a: Renounce Religion, Curse Item, Shatter the Chains


You were on level 2 of the Vaults.
You worshipped Ashenzari.
Ashenzari was extremely pleased with you.
You visited 7 branches of the dungeon, and saw 36 of its levels.
You visited 1 bazaar.
You also visited: Gauntlet, Ice Cave and Wizlab.

You collected 7375 gold pieces.
You spent 5722 gold pieces at shops.

Inventory:

Hand Weapons
 b - a +3 fustibalus of flaming
 w - the +9 staff of Olgreb {rPois∞}
   (You bought it in a shop on level 15 of the Dungeon)

   If the wielder is skilled in Evocations, they can envenom those struck by it,
   dealing poison damage which bypasses armour.
   It enhances your poison magic.
   It grants immunity to poison.
   It can be activated via the 'a'bility menu to radiate toxic energy, with
   effectiveness depending on Evocations skill.
Missiles
 c - 177 bolts
 k - 180 arrows
 x - 10 curare-tipped darts (quivered)
 D - 293 sling bullets
 F - 5 poisoned darts
Armour
 d - the cursed +7 Kryia's mail coat (worn) {PotionHeal*2 rC+, Self, Evo}
   (You acquired it on level 4 of the Swamp)

   Potions are twice as effective at healing its wearer.
   rC:        It protects you from cold.
   It has a curse which improves the following skills: Introspection: Fighting
   and Spellcasting.
   Evocations: Evocations.
 H - the cursed +0 helmet "Perceptive Anarchy" (worn) {rF- Int+5, Evo, Self}
   (You found it on level 13 of the Dungeon)

   Int:       It affects your intelligence (+5).
   rF:        It makes you vulnerable to fire.
   It has a curse which improves the following skills: Evocations: Evocations.
   Introspection: Fighting and Spellcasting.
 I - the +1 ring mail of Dyspraxia {+Inv Slay+2}
   (You bought it in a shop on level 1 of the Vaults)

   Slay:      It affects your accuracy & damage with ranged weapons and melee
   (+2).
   +Inv:      It lets you turn invisible.
 J - a +0 helmet of intelligence
 K - a +2 pair of gloves of dexterity (worn)
 R - the cursed +2 buckler "I Knew You'd Do That" (worn) {rF+, Cun, Self}
   (You took it off a tengu warrior on level 15 of the Dungeon)

   It has a curse which improves the following skills: Cunning: Dodging and
   Stealth.
   Introspection: Fighting and Spellcasting.
 X - the cursed +2 cloak "Shackled With Me" (worn) {Contam rElec Will++ SInv, Cun, Fort}
   (You found it on level 15 of the Dungeon)

   rElec:     It insulates you from electricity.
   SInv:      It lets you see invisible.
   Contam:    It causes magical contamination when unequipped.
   Will:      It greatly increases your willpower.
   It has a curse which improves the following skills: Cunning: Dodging and
   Stealth.
   Fortitude: Armour and Shields.
Magical Staves
 a - a staff of air (weapon)
Jewellery
 q - the cursed ring of the Shattered Comet (right hand) {Drain rC+ Will++ rCorr MP-9, Self, Evo}
   (You acquired it on level 1 of the Lair of Beasts)

   [ring of protection from cold]

   rC:        It protects you from cold.
   MP:        It affects your magic capacity (-9).
   rCorr:     It protects you from acid and corrosion.
   Drain:     It drains your maximum health when unequipped.
   Will:      It greatly increases your willpower.
   It has a curse which improves the following skills: Introspection: Fighting
   and Spellcasting.
   Evocations: Evocations.
 z - the cursed ring "Ennui of Ashenzari" (left hand) {rN+, Self, Melee}
   (You took it off a gnoll on level 3 of the Dungeon)

   [ring of positive energy]

   rN:        It protects you from negative energy.
   It has a curse which improves the following skills: Introspection: Fighting
   and Spellcasting.
   Melee Combat: Short Blades, Long Blades, Axes, Maces & Flails, Polearms,
   Staves and Unarmed Combat.
 N - the cursed amulet "I Knew You'd Do That" (around neck) {Acrobat, Cun, Fort}
   (You found it on level 2 of the Swamp)

   [amulet of the acrobat]

   It increases your evasion while moving and waiting.
   It has a curse which improves the following skills: Cunning: Dodging and
   Stealth.
   Fortitude: Armour and Shields.
Wands
 e - a wand of charming (16)
 n - a wand of paralysis (8)
 o - a wand of digging (12)
 t - a wand of mindburst (45)
 B - a wand of polymorph (14)
 C - a wand of iceblast (23)
 E - a wand of acid (10)
Scrolls
 f - 7 scrolls of teleportation
 l - a scroll of summoning
 m - a scroll of enchant weapon
 p - 7 scrolls of fear
 r - 2 scrolls of magic mapping
 A - a scroll of holy word
 G - 3 scrolls of vulnerability
 M - a scroll of fog
 O - 3 scrolls of silence
 W - 4 scrolls of blinking
Potions
 g - 2 potions of haste
 h - 3 potions of attraction
 i - 2 potions of resistance
 j - 14 potions of curing
 v - 2 potions of ambrosia
 S - 2 potions of cancellation
 Y - 3 potions of lignification
Miscellaneous
 s - a tin of tremorstones (2/2)
 u - a condenser vane
 y - a phial of floods
 L - a box of beasts


   Skills:
 - Level 17.9(24.1) Fighting
 - Level 9.7(12.0) Staves
 - Level 13.5(16.9) Armour
 + Level 17.5(21.8) Dodging
 - Level 11.5(16.0) Stealth
 - Level 10.5(13.9) Shields
 + Level 14.0(20.3) Spellcasting
 - Level 9.5(14.0) Evocations


You had 3 spell levels left.
You knew the following spells:

 Your Spells              Type           Power      Damage    Failure   Level
a - Magic Dart            Conj           100%       1d8       0%          1
b - Searing Ray           Conj           100%       2d8       0%          2
c - Fulminant Prism       Conj/Hex       49%        3d21      0%          4
d - Iskenderun's Mystic   Conj/Tloc      99%        2d19      0%          4
e - Lightning Bolt        Conj/Air       61%        1d84      1%          5
f - Frozen Ramparts       Ice            100%       1d12      0%          3
g - Summon Cactus Giant   Summ           49%        N/A       1%          6
h - Enfeeble              Hex            49%        N/A       1%          7
m - Summon Small Mammal   Summ           100%       N/A       0%          1
n - Eringya's Noxious Bo  Tmut/Pois      49%        N/A       1%          6
o - Orb of Destruction    Conj           49%        9d13      1%          7
r - Corpse Rot            Necr/Air       100%       N/A       0%          2
s - Static Discharge      Conj/Air       100%       N/A       0%          2
y - Yara's Violent Unrav  Hex/Tmut       49%        3d19      1%          5
z - Dazzling Flash        Conj/Hex       100%       N/A       0%          3
Your spell library was empty.

Dungeon Overview and Level Annotations

Branches:
Dungeon (15/15)            Temple (0/1) D:5            Lair (6/6) D:8
  Swamp (4/4) Lair:3       Spider (4/4) Lair:2        Slime (0/5) Lair:5
    Orc (2/2) D:11            Elf (3/3) Orc:2        Vaults (2/5) D:13
 Depths (0/4) D:15          IceCv (visited)          WizLab (visited)
Gauntlet (visited)
  Crypt: Vaults:2-3

Altars:
Ashenzari
Cheibriados
Dithmenos
Elyvilon
Gozag
Hepliaklqana
Kikubaaqudgha
Nemelex Xobeh
Okawaru
Qazlal
Ru
Sif Muna
Trog
Vehumet
Xom
Yredelemnul
Zin
The Shining One
Beogh
Jiyva

Shops:
D:3 =   D:9 ((   D:15 (   Orc:2 ::??   Elf:2 *   Vaults:1 [[(

Annotations:
D:8 2 transporters, cookedgoose's ghost, novice DrAE
D:11 Storm dragon, exclusion: 2 doors
Swamp:1 1 runed translucent door, dropkickpikachu's ghost, journeyman MiBe
Orc:1 2 transporters
Elf:3 1 exclusion


Innate Abilities, Weirdness & Mutations

You are immune to sickness and miasma.
You are immune to poison.
Your flesh is very heat resistant. (rF++)
You are vulnerable to cold. (rC-)
You float through the air rather than walking.
You learn spells naturally, not from books.
Your magical power is your life essence.
You have superior vitality. (+4 MHP)


Message History

The mystic blast hits the lorocyproca.
The lorocyproca is heavily wounded.
The lorocyproca is knocked back by the mystic blast.
The lorocyproca slams into the black wall!
The mystic blast hits the ice devil!!
The ice devil is almost dead.
The ice devil is knocked back by the mystic blast.
The ice devil slams into the black wall!
You kill the ice devil!
* * * LOW HITPOINT WARNING * * *
The lorocyproca hits you but does no damage.
Your base Spellcasting skill increases to level 14!
The chaos spawn completely misses you. You block the chaos spawn's attack.
There is a portal leading out of this place here.
The demonspawn blood saint hits you with a +0 dagger.
* * * LOW HITPOINT WARNING * * *
You are engulfed in flames!
You resist.
* * * LOW HITPOINT WARNING * * *
You block the chaos spawn's attack. The orange demon completely misses you.
The lorocyproca hits you!
* * * LOW HITPOINT WARNING * * *
You block the ice devil's attack.
Welcome back to the Vaults!
There is an empty arch of ancient stone here.
As you read the scroll of teleportation, it crumbles to dust.
You feel strangely unstable.
You block the demonspawn blood saint's attack.
The chaos spawn misses you. The lorocyproca hits you!!
* * * LOW HITPOINT WARNING * * *
You block the ice devil's attack.
Blink to where?
Press: ? - help, Dir - move target
As you read the scroll of blinking, it crumbles to dust.
Your surroundings suddenly seem different.
An ironbound frostheart comes into view.
The ironbound frostheart shouts!
The ironbound frostheart calls freezing cold from the walls.
The frost grips you! You partially resist.
You die...

##### *,,,,,,,*,,,,
*,,,,,,,*,,,, *,,,,,,,*,,,,
*,,,,,,,+,,,, ********
*,,,,,,,+,,,, *,,,,,,*
#######*,,,,,******* *,,,,,,*
#######*,,,,,*,,,,,,
*,,,,,,*##########,,,,,*,,,***
*,,,,,,*#....@...+,,,,,*,,***,
***,,,,*#p.......#,,,,,*****,,
***+**,,*#........#,,,,,* **,,,
*,,**+***#........#,,,,,***,,,*
*,,,,*** #........#,,,,,**,,,**
*,,,,,,* #........#,,,,,**,,***
*,,,,,,* ##########,,,,,***** *
*,,,,,,* *,,,,,******* *,,,,,,*
*,,,,,,,,,,,,


You could see an ironbound frostheart.

Vanquished Creatures
  Nikola (Swamp:3)
  Jorgrun (D:13)
  2 Ice Fiends (IceCv)
  Asterion (Spider:3)
  2 deep elf blademasters (Elf:3)
  A tentacled monstrosity (Swamp:4)
  2 deep elf master archers (Elf:3)
  Frances (D:13)
  Kirke (Swamp:3)
  Agnes (D:15)
  Roxanne (Swamp:3)
  A tengu reaver (Vaults:1)
  The ghost of unlimited1921 the Eclecticist, an adept DjFE of Gozag (Elf:2)
  2 fenstrider witches
  A fire giant (Vaults:1)
  5 deep elf sorcerers
  10 emperor scorpions
  4 ghost moths
  4 vault wardens (Vaults:1)
  2 ghouls (Swamp:3)
  2 angels (Vaults:1)
  2 very ugly things (Vaults:1)
  6 deep elf elementalists (Elf:3)
  A broodmother (Spider:2)
  6 ironbound preservers
  2 ironbound thunderhulks
  9 deep elf annihilators (Elf:3)
  An eleionoma (Swamp:3)
  7 dire elephants (Vaults:1)
  A minotaur (Gauntlet)
  7 deep elf demonologists
  7 entropy weavers
  5 spark wasps
  4 bunyips
  The ghost of Aneyh the Fighter, a journeyman HuMo of Okawaru (D:13)
  3 deep elf death magi (Elf:3)
  An ettin (D:15)
  A fire dragon (Lair:6)
  A green death (WizLab)
  4 deep elf high priests (Elf:3)
  4 shambling mangroves
  A great orb of eyes (Vaults:1)
  3 vault guards (Vaults:1)
  2 yaktaur captains (Vaults:1)
  A hydra (shapeshifter) (D:13)
  A caustic shrike simulacrum (IceCv)
  13 boulder beetles
  2 radroaches
  21 hydras
  A spriggan air mage (Swamp:2)
  A peacekeeper (Vaults:1)
  2 catoblepae
  A hell beast (WizLab)
  5 ironbound frosthearts (Vaults:1)
  A death knight (D:12)
  6 two-headed ogres
  7 alligators
  11 centaur warriors
  29 dancing weapons
  2 tengu warriors
  2 death yaks (Lair:3)
  A hell knight (Vaults:1)
  5 orc high priests (Orc:2)
  A sun demon (WizLab)
  A soul eater (WizLab)
  2 skeletal warriors
  2 sun moths
  8 deep trolls
  A sixfirhy (WizLab)
  19 deep elf knights
  2 goliath frogs (Swamp:3)
  A glowing orange brain (Vaults:2)
  8 orb spiders
  4 pharaoh ants
  12 swamp dragons
  4 spriggan druids
  6 steelbarb worms
  8 deep elf archers
  7 bog bodies
  6 ironbound convokers (Vaults:1)
  3 obsidian statues
  7 wizards
  3 spriggan simulacra (IceCv)
  24 deep elf zephyrmancers
  A lindwurm (Vaults:1)
  Pikel (D:7)
  5 orc knights (Orc:2)
  22 deep elf pyromancers
  An orange crystal statue (IceCv)
  An oklob plant (Lair:4)
  2 phantasmal warriors
  13 ugly things
  2 orc sorcerers
  A will-o-the-wisp (Swamp:4)
  6 cyclopes
  3 manticores (D:15)
  2 moths of wrath (Spider:3)
  16 wolf spiders
  Maurice (D:11)
  A water nymph (shapeshifter) (Elf:3)
  A guardian serpent (Lair:6)
  6 vault sentinels
  8 elephants
  Joseph (D:9)
  12 cane toads
  3 gargoyles
  A smoke demon (WizLab)
  2 rust devils (WizLab)
  An orange demon (WizLab)
  5 torpor snails
  2 unseen horrors
  2 ice statues
  9 black mambas
  6 rime drakes
  3 kobold demonologists (D:13)
  11 komodo dragons
  9 freezing wraiths
  4 ice devils
  5 yaktaurs
  9 demonic crawlers
  An efreet (D:15)
  An anaconda simulacrum (IceCv)
  6 entropy weaver simulacra (IceCv)
  A golden dragon simulacrum (IceCv)
  A hellwing (WizLab)
  4 trolls
  21 hornets
  10 tyrant leeches
  Prince Ribbit (D:7)
  3 bloated husks
  25 tarantellas
  Grinder (D:4)
  26 slime creatures
  19 blink frogs
  27 jumping spiders
  An air elemental (Elf:1)
  25 culicivoras
  2 wraiths
  11 spriggans
  A shadow (D:6)
  3 fire elementals
  4 water elementals
  A vampire (D:10)
  13 wyverns
  A chaos spawn (WizLab)
  35 yaks
  A dire elephant simulacrum (IceCv)
  2 basilisks
  4 hogs
  A steam dragon (Lair:6)
  A minotaur simulacrum (IceCv)
  41 redbacks
  12 vampire mosquitoes
  15 swamp worms
  2 wargs
  2 acid dragons
  20 water moccasins
  13 swamp drakes
  24 orc warriors
  2 black bears (D:8)
  3 sky beasts
  4 ice beasts
  An alligator simulacrum (IceCv)
  4 necrophages
  9 ogres
  10 wolves
  A boggart (Vaults:2)
  7 centaurs
  A phantom (D:7)
  2 lemures
  15 kobold brigands
  13 bullfrogs
  Blork the orc (D:4)
  2 deep troll simulacra (IceCv)
  2 gnoll sergeants
  2 scorpions
  A water moccasin zombie (D:6)
  3 earth elementals
  2 lindwurm simulacra (IceCv)
  5 killer bees (D:5)
  12 wights
  An electric eel (D:8)
  14 howler monkeys
  3 centaur zombies
  A centaur skeleton (D:6)
  5 hounds
  2 gnoll shamans
  27 orc priests
  4 jellies
  Jessica (D:2)
  Ijyb (D:3)
  4 hell rats (Lair:3)
  6 iguanas
  Natasha (thrice) (D:4)
  15 orc wizards
  A nameless horror (D:13)
  2 mummies
  2 howler monkey zombies
  A howler monkey skeleton (D:5)
  34 gnolls
  7 adders
  A white imp (D:8)
  An ufetubus (Vaults:1)
  An adder zombie (D:3)
  4 dart slugs
  71 orcs
  A bat zombie (D:5)
  8 endoplasms
  4 giant cockroaches
  2 goblins (D:3)
  5 hobgoblins
  29 jackals
  4 quokkas
  7 ball pythons
  5 bats
  5 frilled lizards
  2 hobgoblin zombies (D:5)
  33 kobolds
  A kobold zombie (D:5)
  An orc zombie (D:5)
  7 rats
  2 rat zombies (D:5)
  A butterfly (Lair:4)
  2 fulminant prisms (Gauntlet)
1359 creatures vanquished.

Vanquished Creatures (collateral kills)
  A vault warden (Vaults:1)
  A very ugly thing (Vaults:1)
  A boulder beetle (Vaults:1)
  A hydra (D:14)
  A rakshasa (D:14)
  A centaur warrior (D:15)
  A glowing orange brain (Vaults:1)
  A wolf spider (Spider:1)
  A demonic crawler (Spider:1)
  A tarantella (Spider:1)
  2 slime creatures (D:15)
  2 culicivoras (Spider:1)
  A hog (Swamp:2)
  3 orc warriors (Orc:2)
  2 centaurs (D:15)
  3 orcs (Orc:2)
23 creatures vanquished.

Vanquished Creatures (others)
  A tyrant leech (Swamp:3)
  A demonic plant (Gauntlet)
  2 foxfires (Swamp:4)
  242 fulminant prisms
  94 fungi
  201 plants
541 creatures vanquished.

Grand Total: 1923 creatures vanquished

Notes
Turn   | Place    | Note
-------+----------+-------------------------------------------
     0 | D:1      | porpoise the Djinni Conjurer began the quest for the Orb.
     0 | D:1      | Reached XP level 1. HP: 15/15 MP: 0/0
   296 | D:1      | Reached skill level 1 in Fighting
   296 | D:1      | Reached XP level 2. HP: 20/22 MP: 0/0
   772 | D:1      | Reached XP level 3. HP: 23/27 MP: 0/0
   772 | D:1      | Learned a level 1 spell: Summon Small Mammal
   930 | D:1      | Found a faded altar of an unknown god.
  1826 | D:2      | Reached XP level 4. HP: 29/33 MP: 0/0
  2033 | D:2      | Noticed Jessica
  2045 | D:2      | Killed Jessica
  2390 | D:2      | Reached XP level 5. HP: 37/40 MP: 0/0
  2390 | D:2      | Learned a level 2 spell: Corpse Rot
  2572 | D:2      | You are sucked into a shaft and drop 2 floors!
  2625 | D:3      | Noticed Ijyb
  2630 | D:3      | Killed Ijyb
  3334 | D:3      | Found Luwigiot's Jewellery Shoppe.
  3543 | D:3      | Reached XP level 6. HP: 29/47 MP: 0/0
  4119 | D:3      | Reached XP level 7. HP: 39/53 MP: 0/0
  4119 | D:3      | Learned a level 2 spell: Static Discharge
  4212 | D:3      | Reached skill level 5 in Spellcasting
  4544 | D:3      | Reached skill level 5 in Fighting
  5426 | D:4      | Noticed Natasha
  5431 | D:4      | Killed Natasha
  5441 | D:4      | Noticed Blork the orc
  5454 | D:4      | Killed Blork the orc
  5455 | D:4      | Reached XP level 8. HP: 53/61 MP: 0/0
  5547 | D:4      | Found a sparkling altar of Nemelex Xobeh.
  5624 | D:4      | Noticed Natasha
  5638 | D:4      | Killed Natasha
  5650 | D:4      | Noticed Grinder
  5657 | D:4      | Killed Grinder
  6000 | D:4      | Noticed Natasha
  6008 | D:4      | Killed Natasha
  6388 | D:4      | Found a sacrificial altar of Ru.
  6607 | D:5      | Entered Level 5 of the Dungeon
  6883 | D:5      | Reached XP level 9. HP: 56/68 MP: 0/0
  6883 | D:5      | Learned a level 3 spell: Frozen Ramparts
  6994 | D:5      | Found a broken altar of Ashenzari.
  7026 | D:5      | Became a worshipper of Ashenzari the Shackled
  7039 | D:5      | Identified the +4 chain mail of Uhufojuf {+Blink rC++ rCorr
                  | Stlth-}
  7126 | D:5      | Found a staircase to the Ecumenical Temple.
  8453 | D:6      | Found a snail-covered altar of Cheibriados.
  8631 | D:6      | Found a bloodstained altar of Trog.
  8770 | D:6      | Reached XP level 10. HP: 36/78 MP: 0/0
  9218 | D:6      | Identified the +1 robe of Gugaapn {Fly rN+++ Str+6 Slay-4}
  9603 | D:7      | Noticed Prince Ribbit
  9614 | D:7      | Killed Prince Ribbit
  9615 | D:7      | Reached skill level 10 in Fighting
  9839 | D:6      | Reached skill level 5 in Stealth
 10467 | D:7      | Noticed Pikel
 10792 | D:7      | Killed Pikel
 10793 | D:7      | Reached skill level 1 in Evocations
 10812 | D:7      | Reached skill level 5 in Dodging
 11047 | D:7      | Found a shimmering altar of Xom.
 11160 | D:7      | Found a shadowy altar of Dithmenos.
 11266 | D:8      | Noticed a komodo dragon
 11273 | D:8      | Killed a komodo dragon
 11273 | D:8      | Noticed a komodo dragon
 11743 | D:8      | Noticed a boulder beetle
 11781 | D:8      | Killed a boulder beetle
 11782 | D:8      | Reached XP level 11. HP: 49/89 MP: 0/0
 11782 | D:8      | Learned a level 5 spell: Yara's Violent Unravelling
 12402 | D:8      | Found a staircase to the Lair.
 12766 | D:8      | Noticed cookedgoose's ghost (novice DrAE)
 12775 | D:8      | Found a transporter.
 12812 | D:8      | Found a transporter.
 12846 | D:8      | Identified the +7 war axe "Alor" {flame, rN++ Int+5 Dex-4}
 12907 | D:8      | Reached * piety under Ashenzari
 13322 | D:9      | Found Purcheann's Antique Weapon Boutique.
 13506 | D:9      | Identified the +3 shortbow "Koptick" {vorpal, *Slow rPois
                  | Will+ Str+3}
 13511 | D:9      | Found a hazy altar of Hepliaklqana.
 13522 | D:9      | Noticed Joseph
 13524 | D:9      | Found a faded altar of an unknown god.
 13532 | D:9      | Killed Joseph
 13533 | D:9      | Reached skill level 5 in Evocations
 13775 | D:9      | Identified the amulet "Jemaseem" {RegenMP Fly rPois rF+}
 13876 | D:9      | Reached skill level 1 in Armour
 14042 | D:9      | Found Igipn's Antique Weapon Emporium.
 14155 | D:10     | Entered Level 10 of the Dungeon
 14163 | D:10     | Found a glowing silver altar of Zin.
 14165 | D:10     | Found an iron altar of Okawaru.
 14166 | D:10     | Found a stormy altar of Qazlal.
 15138 | Lair:1   | Entered Level 1 of the Lair of Beasts
 15216 | Lair:1   | Noticed a five-headed hydra
 15225 | Lair:1   | Killed a five-headed hydra
 15319 | Lair:1   | Reached ** piety under Ashenzari
 15546 | Lair:1   | Reached XP level 12. HP: 57/98 MP: 0/0
 15829 | Lair:1   | Found a basalt altar of Yredelemnul.
 16363 | Lair:1   | Identified a scroll of acquirement
 16372 | Lair:1   | Acquired the ring of Rozuryit {Drain rC+ Will++ rCorr MP-9}
 16785 | Lair:2   | Found a gate leading to a gauntlet.
 16819 | Gauntlet | Entered a Gauntlet
 16819 | Gauntlet | Found a transporter.
 16827 | Gauntlet | Found a transporter.
 16831 | Gauntlet | Found a transporter.
 16839 | Gauntlet | Found a transporter.
 16843 | Gauntlet | Found a transporter.
 16845 | Gauntlet | Noticed a death yak
 16847 | Gauntlet | Noticed a catoblepas
 16847 | Gauntlet | a death yak changed into a catoblepas
 16849 | Gauntlet | Noticed a death yak
 16849 | Gauntlet | a catoblepas changed into a death yak
 16850 | Gauntlet | Noticed a quicksilver ooze
 16850 | Gauntlet | a death yak changed into a quicksilver ooze
 16851 | Gauntlet | Noticed a catoblepas
 16851 | Gauntlet | a quicksilver ooze changed into a catoblepas
 16853 | Gauntlet | Noticed a storm dragon
 16853 | Gauntlet | a catoblepas changed into a storm dragon
 16854 | Gauntlet | Found a transporter.
 16855 | Gauntlet | Found a transporter.
 16857 | Gauntlet | Noticed a minotaur
 16857 | Gauntlet | a storm dragon changed into a minotaur
 16860 | Gauntlet | Noticed a reaper
 16863 | Gauntlet | Found a transporter.
 16864 | Gauntlet | Noticed a dire elephant
 16864 | Gauntlet | a minotaur changed into a dire elephant
 16865 | Gauntlet | Identified the amulet "Ylacenim" {Regen+ Str+3}
 16867 | Gauntlet | Found a transporter.
 16874 | Gauntlet | Noticed a glowing orange brain
 16875 | Gauntlet | Found a transporter.
 16875 | Gauntlet | Noticed a glowing orange brain
 16905 | Gauntlet | Found a transporter.
 16917 | Gauntlet | Found a transporter.
 16922 | Gauntlet | Noticed an acid blob
 16924 | Gauntlet | Noticed a caustic shrike
 16924 | Gauntlet | an acid blob changed into a caustic shrike
 16926 | Gauntlet | Noticed a sphinx
 16926 | Gauntlet | a caustic shrike changed into a sphinx
 16929 | Gauntlet | Found a transporter.
 16934 | Gauntlet | Noticed a catoblepas
 16941 | Gauntlet | Found a transporter.
 17501 | Gauntlet | Noticed a sea snake
 17501 | Gauntlet | a slime creature changed into a sea snake
 17515 | Gauntlet | Noticed an orb spider
 17515 | Gauntlet | a sea snake changed into an orb spider
 17516 | Gauntlet | Noticed a death drake
 17516 | Gauntlet | a black bear changed into a death drake
 17524 | Gauntlet | Noticed a deep troll
 17568 | Gauntlet | Noticed a minotaur
 17593 | Gauntlet | Identified the Tome of Hurtful Unholy Secrets
 17598 | Gauntlet | Killed a minotaur
 18234 | Lair:2   | Found a hole to the Spider Nest.
 18547 | Lair:2   | Acquired 768 gold pieces
 19172 | Lair:3   | Noticed a death yak
 19187 | Lair:3   | Killed a death yak
 19191 | Lair:3   | Noticed a death yak
 19201 | Lair:3   | Killed a death yak
 19202 | Lair:3   | Reached XP level 13. HP: 36/105 MP: 0/0
 19202 | Lair:3   | Learned a level 5 spell: Lightning Bolt
 19692 | Lair:3   | Noticed an eight-headed hydra
 19708 | Lair:3   | Killed an eight-headed hydra
 20160 | Lair:3   | Noticed an eight-headed hydra
 20617 | Lair:3   | Noticed a seven-headed hydra
 20627 | Lair:3   | Killed a seven-headed hydra
 20628 | Lair:3   | Reached skill level 10 in Spellcasting
 20785 | Lair:3   | Found a staircase to the Swamp.
 20845 | Lair:3   | Killed an eight-headed hydra
 20930 | Lair:3   | Noticed a four-headed hydra
 20939 | Lair:3   | Killed a four-headed hydra
 22948 | Lair:5   | Reached *** piety under Ashenzari
 23232 | Lair:5   | Found a viscous altar of Jiyva.
 23233 | Lair:5   | Found a staircase to the Slime Pits.
 24081 | D:11     | Noticed Maurice
 24089 | D:11     | Killed Maurice
 24399 | D:11     | Reached XP level 14. HP: 90/116 MP: 0/0
 24613 | D:11     | Found a staircase to the Orcish Mines.
 25549 | D:11     | Noticed a storm dragon
 25771 | Orc:1    | Entered Level 1 of the Orcish Mines
 26282 | Orc:1    | Found a transporter.
 26283 | Orc:1    | Found a transporter.
 26284 | Orc:1    | Found a transporter.
 26284 | Orc:1    | Noticed a juggernaut
 26285 | Orc:1    | Found a sparkling altar of Nemelex Xobeh.
 26288 | Orc:1    | Found a transporter.
 26289 | Orc:1    | Found a transporter.
 26292 | Orc:1    | Found a transporter.
 27783 | D:12     | Reached skill level 10 in Dodging
 27880 | D:12     | Reached skill level 5 in Armour
 28181 | D:12     | Identified the +5 robe "Usmomumm" {rPois}
 28661 | D:12     | HP: 1/116 [boulder beetle (27)]
 29028 | Orc:2    | Entered Level 2 of the Orcish Mines
 30530 | D:13     | Noticed Frances
 30551 | D:13     | Killed Frances
 31107 | D:13     | Found a runed translucent gate.
 31107 | D:13     | Found a runed translucent gate.
 31107 | D:13     | Noticed Aneyh's ghost (journeyman HuMo)
 31108 | D:13     | Found a runed translucent gate.
 31111 | D:13     | Identified the +0 helmet of the Earth {rF- Int+5}
 31129 | D:13     | Noticed Jorgrun
 31548 | D:13     | Killed Jorgrun
 31978 | D:13     | Reached XP level 15. HP: 121/124 MP: 0/0
 31978 | D:13     | Learned a level 6 spell: Summon Cactus Giant
 31990 | D:13     | Killed Aneyh's ghost
 32419 | D:13     | Found a gate to the Vaults.
 33638 | D:14     | Reached **** piety under Ashenzari
 33994 | D:15     | Entered Level 15 of the Dungeon
 34061 | D:15     | Reached skill level 1 in Shields
 34542 | D:15     | Noticed Agnes
 34548 | D:15     | Killed Agnes
 34562 | D:15     | HP: 3/129 [efreet/bolt of fire (12)]
 35289 | D:15     | Found a staircase to the Depths.
 36056 | D:15     | Reached ***** piety under Ashenzari
 36062 | D:15     | Found Sutuewu's Weapon Boutique.
 36065 | D:15     | Identified the +2 cloak of the Flute {Contam rElec Will++
                  | SInv}
 36330 | D:15     | Bought the +9 staff of Olgreb {rPois∞} for 1400 gold pieces
 36330 | D:15     | Found the +9 staff of Olgreb {rPois∞}
 37682 | Orc:2    | Found a staircase to the Elven Halls.
 37733 | Orc:2    | Found a bloodstained altar of Trog.
 37792 | Orc:2    | Reached skill level 1 in Staves
 37792 | Orc:2    | Reached skill level 5 in Shields
 38872 | Orc:2    | Reached XP level 16. HP: 108/139 MP: 0/0
 39080 | Orc:2    | Found Abibamyo's Book Shop.
 39083 | Orc:2    | Found Uvylon's Magic Scroll Shop.
 39084 | Orc:2    | Found Uxoaca's Book Shop.
 39084 | Orc:2    | Found Xaneoguarr's Magic Scroll Boutique.
 39109 | Orc:2    | Bought a scroll of enchant armour for 127 gold pieces
 39109 | Orc:2    | Bought a scroll of teleportation for 51 gold pieces
 39109 | Orc:2    | Bought a scroll of teleportation for 51 gold pieces
 39113 | Orc:2    | Bought a scroll of teleportation for 39 gold pieces
 39113 | Orc:2    | Bought a scroll of blinking for 97 gold pieces
 39113 | Orc:2    | Bought a scroll of enchant armour for 97 gold pieces
 39445 | Lair:6   | Entered Level 6 of the Lair of Beasts
 40337 | Lair:6   | Reached skill level 15 in Fighting
 40340 | Lair:6   | Reached skill level 5 in Staves
 41103 | Lair:6   | Identified the ring "Womnunun" {rCorr MP+9}
 41242 | Lair:6   | Upgraded the game from 0.28.0-1-gb440e238dd to
                  | 0.28.0-43-g3370ac3207
 43116 | Swamp:1  | Entered Level 1 of the Swamp
 43116 | Swamp:1  | Noticed dropkickpikachu's ghost (journeyman MiBe)
 43116 | Swamp:1  | Found a runed translucent door.
 43116 | Swamp:1  | Found a shimmering altar of Xom.
 43212 | Swamp:1  | Identified the +1 scimitar of the Foot {chaos, Str+4
                  | Stlth+}
 45759 | Swamp:2  | Identified the +6 chain mail "Koxat" {Str+6 Stlth-}
 46436 | Swamp:3  | Noticed Nikola
 46664 | Swamp:2  | Reached XP level 17. HP: 109/148 MP: 0/0
 46664 | Swamp:2  | Learned a level 7 spell: Orb of Destruction
 47169 | Swamp:3  | Killed Nikola
 47776 | Swamp:3  | Identified Roxanne's Volume of Moulding
 47776 | Swamp:3  | Noticed Roxanne
 48277 | Swamp:3  | Killed Roxanne
 48648 | Swamp:3  | Noticed Kirke
 48658 | Swamp:3  | Killed Kirke
 49010 | Swamp:4  | Entered Level 4 of the Swamp
 49856 | Swamp:4  | Noticed a tentacled monstrosity
 49865 | Swamp:4  | Killed a tentacled monstrosity
 50894 | Swamp:4  | Acquired the +7 Kryia's mail coat {PotionHeal*2 rC+}
 50894 | Swamp:4  | Found the +7 Kryia's mail coat {PotionHeal*2 rC+}
 51345 | Swamp:4  | Identified the +0 pair of boots of Hicvaleg {Will++ SInv
                  | Stlth+}
 52984 | Swamp:4  | Got a decaying rune of Zot
 53528 | Swamp:4  | Reached XP level 18. HP: 138/153 MP: 0/0
 53871 | Spider:1 | Entered Level 1 of the Spider Nest
 57419 | Spider:3 | Found a frozen archway.
 57425 | IceCv    | Entered an ice cave
 57887 | IceCv    | Noticed an Ice Fiend
 57899 | IceCv    | Killed an Ice Fiend
 58164 | IceCv    | Noticed an Ice Fiend
 58165 | IceCv    | Killed an Ice Fiend
 59226 | Spider:3 | Reached XP level 19. HP: 160/166 MP: 0/0
 59226 | Spider:3 | Learned a level 6 spell: Eringya's Noxious Bog
 59230 | Spider:3 | Noticed Asterion
 59244 | Spider:3 | Killed Asterion
 60583 | Spider:4 | Entered Level 4 of the Spider Nest
 61353 | Spider:4 | Identified the +8 arbalest of the Puffball {freeze, rCorr
                  | Int+2}
 62507 | Spider:3 | Reached skill level 10 in Armour
 63505 | Spider:4 | Got a gossamer rune of Zot
 64026 | Elf:1    | Entered Level 1 of the Elven Halls
 64453 | Elf:1    | Found a gateway to a bazaar.
 64523 | Bazaar   | Entered a bazaar
 64524 | Bazaar   | Found Saats's Book Emporium.
 64529 | Bazaar   | Found Eroeplu's Armour Boutique.
 64558 | Bazaar   | Found Uckemyuw's Distillery.
 64566 | Bazaar   | Found Xibruang's Assorted Antiques.
 64574 | Bazaar   | Bought a tin of tremorstones (2/2) for 720 gold pieces
 64574 | Bazaar   | Bought a steaming whip for 135 gold pieces
 64574 | Bazaar   | Identified the +4 whip of Distant Worlds {speed, rElec rF+
                  | Dex-5 SInv} (You bought it in a shop in a bazaar)
 64583 | Bazaar   | Bought a potion of curing for 21 gold pieces
 64583 | Bazaar   | Bought a potion of curing for 21 gold pieces
 64583 | Bazaar   | Bought a potion of curing for 21 gold pieces
 65236 | Elf:1    | Reached skill level 15 in Dodging
 66114 | Elf:2    | Reached skill level 10 in Shields
 66114 | Elf:2    | Reached XP level 20. HP: 165/173 MP: 0/0
 66418 | Elf:2    | Found a runed translucent gate.
 66418 | Elf:2    | Found a runed translucent gate.
 66418 | Elf:2    | Found a runed translucent gate.
 66839 | Elf:2    | Found a runed translucent gate.
 66839 | Elf:2    | Found a runed translucent gate.
 66970 | Elf:2    | Found a runed translucent gate.
 66972 | Elf:2    | Found an opulent altar of Gozag.
 66972 | Elf:2    | Found Zamn's Assorted Antiques.
 66975 | Elf:2    | Noticed unlimited1921's ghost (adept DjFE)
 67136 | Elf:2    | Killed unlimited1921's ghost
 67464 | Elf:2    | Bought a polished falchion for 200 gold pieces
 67464 | Elf:2    | Identified the +2 falchion of Huoqymod {vorpal, Contam
                  | rPois Int+3 Stlth+} (You bought it in a shop on level 2 of
                  | the Elven Halls)
 67464 | Elf:2    | Bought a glowing leather armour for 125 gold pieces
 67464 | Elf:2    | Bought a glowing robe for 92 gold pieces
 67464 | Elf:2    | Bought a blackened onyx ring for 125 gold pieces
 69192 | Elf:3    | Entered Level 3 of the Elven Halls
 70625 | Elf:3    | Identified the amulet "Yrevvull" {Spirit Contam rElec rF+
                  | Int+4}
 71128 | Elf:3    | Identified the ring "Osukaesi" {rF+ AC+4}
 71983 | Elf:3    | Reached XP level 21. HP: 132/182 MP: 0/0
 71983 | Elf:3    | Learned a level 7 spell: Enfeeble
 72417 | Elf:3    | Identified the +3 scale mail of the Planets {rN+ Str-3
                  | Int+2}
 72708 | Elf:3    | Noticed a Tzitzimitl
 72713 | Elf:3    | Identified the ring of Uddefib {rElec rPois AC+4 Stlth+}
 72717 | Elf:3    | Identified the amulet "Alisoes" {Faith Int+8}
 73765 | Elf:3    | Reached skill level 10 in Stealth
 73930 | Elf:3    | Identified Golu's Tome of Moulding and Flight
 73932 | Elf:3    | Identified the +1 plate armour of the Thinker {Harm MP+9
                  | Str+2}
 74674 | Vaults:1 | Entered Level 1 of the Vaults
 74771 | Vaults:1 | Found Gozag's Antique Weapon Boutique.
 76785 | Vaults:1 | Found a glowing silver altar of Zin.
 76785 | Vaults:1 | Found a white marble altar of Elyvilon.
 76787 | Vaults:1 | Found a glowing golden altar of the Shining One.
 78222 | Vaults:1 | Found an opulent altar of Gozag.
 78222 | Vaults:1 | Found Gozag's Antique Armour Boutique.
 78336 | Vaults:1 | Found Gozag's Antique Armour Shop.
 78386 | Vaults:1 | Bought a bloodstained ring mail for 900 gold pieces
 78386 | Vaults:1 | Identified the +1 ring mail of Dyspraxia {+Inv Slay+2} (You
                  | bought it in a shop on level 1 of the Vaults)
 78397 | Vaults:1 | Bought a glowing helmet for 750 gold pieces
 78397 | Vaults:1 | Bought a pair of embroidered gloves for 750 gold pieces
 79352 | Vaults:2 | Reached XP level 22. HP: 178/185 MP: 0/0
 79752 | Vaults:2 | Found a magical portal.
 79840 | WizLab   | Entered The Hall of the Hellbinder
 79927 | Vaults:2 | HP: 9/185 [lorocyproca (18)]
 79929 | Vaults:2 | Killed from afar by an ironbound frostheart

Illustrated notes

Levels and vault maps discovered:
D:1:      minmay_arrival_wavy_path, layout_loops_corners,
          hellmonk_ecumenical_altar_blasted, minmay_pentomino_u4
D:2:      layout_basic, uniq_jessica
D:3:      lemuel_castle_with_subvaults [lemuel_castle_interior_original],
          layout_basic, mainiacjoe_overflow_brackets, serial_shops, shop,
          uniq_ijyb
D:4:      layout_basic, mainiacjoe_overflow_tiny_flanked,
          mainiacjoe_overflow_chevrons, chequers_decorated_corner,
          minmay_hedge_maze, supply_closet_lemuel, uniq_grinder,
          uniq_blork_the_orc, uniq_natasha
D:5:      layout_basic, lemuel_zombie_altar_kikubaaqudgha,
          ashenzari_conservatory_becter, minmay_temple_entry_waves,
          minmay_mini_ossuary
D:6:      hangedman_cross_stitches, layout_basic, bloody_trog, slow_altar_1
D:7:      layout_rooms, lemuel_coloured_pillars_altar, grunt_dithmenos_shadows,
          corexii_corridor_pit, uniq_pikel, uniq_prince_ribbit1
D:8:      layout_basic, due_lair_maze_entry_diamond, gammafunk_ghost_smash,
          skrybe_limestone_x, kennysheep_dice
D:9:      layout_basic, beargit_hepliaklqana_dungeon_heroes, serial_shops,
          nicolae_shop_crystal, shop, uniq_joseph
D:10:     layout_gridville, grunt_temple_overflow_open, feat_on_display
D:11:     minmay_shrinking_squares, layout_long_grid, orc_0_dummy,
          nrook_mini_vaults, uniq_maurice
D:12:     layout_irregular_city, st_stairs_6, nicolae_sif_muna_condensation
D:13:     layout_roguey, david_vaults_4, gammafunk_ghost_nasty_kobolds,
          uniq_jorgrun, uniq_frances
D:14:     minmay_separated_statues, layout_small_grid, abandoned_shop
D:15:     hangedman_depths_entry_civil_slaughter, layout_layer_cave,
          serial_shops, nicolae_shop_bloodbath_and_beyond, minmay_crystal_room,
          uniq_agnes
Lair:1:   wad_woods_stonehenge, layout_chaotic_city
Lair:2:   layout_long_grid, dummy_spider_entry, gauntlet_entry_generic
Lair:3:   layout_misc_corridors, palyth_hydra_swamp_entry, serial_bayou_shore_b,
          lemuel_fruit_fields
Lair:4:   layout_big_grid, serial_bayou_shore_b, infiniplex_staircase_pool,
          lemuel_fruit_fields
Lair:5:   layout_regular_city, dpeg_slime_entry_enclosed_altar,
          bh_autumn_forest_stairs, minivault_27, st_stairs_5
Lair:6:   hangedman_lair_tendril_chambers, layout_gridlike,
          guppyfry_lair_end_dragon, lemuel_fruit_tree
Swamp:1:  layout_basic_swamp, ebering_ghost_xom, evilmike_swamp_ruin_house_1
Swamp:2:  layout_basic_swamp, evilmike_swamp_ruin_house_6
Swamp:3:  layout_basic_swamp, nicolae_swamp_round_clearing, uniq_nikola,
          uniq_kirke, uniq_roxanne
Swamp:4:  swamp, layout_basic_swamp, swamp_pool5, nicolae_swamp_spriggan_camp
Spider:1: layout_spider_delve
Spider:2: layout_spider_delve, hellmonk_test_site
Spider:3: layout_spider_delve, portal_ice_cave_entry_pillars_2, uniq_asterion
Spider:4: guppyfry_spider_rune, nicolae_spider_circle_web
Orc:1:    layout_diamond_mine, basic_altar, hellmonk_jugg_or_not
Orc:2:    st_orc_pillars, layout_diamond_mine, basic_altar
Elf:1:    layout_loops_ring, serial_shops, statue_bzr, hangedman_corner_corridor
Elf:2:    nicolae_elf_blades_splatter_lattice [infiniplex_blade_entry_pillars],
          layout_gridlike, ebering_ghost_gozag, st_stairs_13,
          palyth_stone_intersect, drop_trap
Elf:3:    grunt_elf_hall_branching, layout_loops_corners,
          kilobyte_rumbling_trees
Vaults:1: portal_desolation_entry_holy_temple, nicolae_vaults_network_s,
          dpeg_vaults_monster_row, kennysheep_vaults_gozag_temple,
          vaults_room_boxed, serial_ice_h, nicolae_vaults_shelves_hall,
          ontoclasm_vaults_chip, nicolae_vaults_little_squares_6,
          nicolae_vaults_specimen_jars, layout_vaults_chaotic_city
Vaults:2: mu_enter_wizlab_5, nicolae_vaults_three_branches, v_misc_9,
          vaults_room_guarded_vault, hangedman_vaults_trim,
          ontoclasm_vaults_chip, ontoclasm_vaults_fault, v_pattern_5,
          ontoclasm_vaults_loading_screen, layout_vaults_omnigrid,
          nicolae_trove_entry_diagonal, uniq_mennas

Skill      XL: |  1  2  3  4  5  6  7  8  9 10 11 12 13 14 15 16 17 18 19 20 21 22 |
---------------+-------------------------------------------------------------------+-----
Fighting       | 1 2 3 4 5 7 9 11 13 14 15 16 17 | 17.9
Spellcasting   | 4 5 6 7 9 10 11 12 13 14 | 14.0
Stealth        | 2 4 5 6 7 8 9 11 | 11.5
Dodging        | 5 6 8 9 11 13 15 17 | 17.5
Evocations     | 3 5 6 7 9 |  9.5
Armour         | 4 5 7 8 9 10 13 | 13.5
Shields        | 6 9 10 | 10.5
Staves         | 1 8 9 |  9.7

Action                   |  1- 3 |  4- 6 |  7- 9 | 10-12 | 13-15 | 16-18 | 19-21 | 22-24 || total
-------------------------+-------+-------+-------+-------+-------+-------+-------+-------++-------
Melee: Staff             |       |       |       |       |     2 |   135 |    34 |       ||   171
 Fire: Hunting sling     |       |       |    87 |    91 |    48 |       |       |       ||   226
       Fustibalus        |       |       |       |       |    66 |    83 |    49 |       ||   198
Throw: Dart              |       |       |       |     1 |     2 |     5 |       |       ||     8
 Cast: Magic Dart        |    28 |    19 |       |       |       |       |       |       ||    47
       Searing Ray       |    14 |    44 |    74 |   106 |   152 |    58 |     4 |       ||   452
       Corpse Rot        |       |     1 |       |     2 |     1 |       |       |       ||     4
       Fulminant Prism   |       |       |    14 |    67 |   103 |    40 |    21 |       ||   245
       Static Discharge  |       |       |     3 |    14 |       |     2 |       |       ||    19
       Iskenderun's Myst |       |       |     5 |    48 |    75 |   229 |   210 |    21 ||   588
       Frozen Ramparts   |       |       |     3 |    30 |    48 |    11 |     5 |       ||    97
       Lightning Bolt    |       |       |       |       |   112 |   348 |   162 |     6 ||   628
       Dazzling Flash    |       |       |       |       |     3 |       |       |       ||     3
       Summon Cactus Gia |       |       |       |       |    11 |     8 |     5 |       ||    24
       Orb of Destructio |       |       |       |       |       |    11 |   242 |    29 ||   282
       Eringya's Noxious |       |       |       |       |       |       |    15 |       ||    15
       Yara's Violent Un |       |       |       |       |       |       |     3 |       ||     3
Invok: Curse Item        |       |       |     1 |     2 |     5 |     4 |       |       ||    12
       Shatter the Chain |       |       |       |     1 |     1 |     2 |     1 |       ||     5
 Abil: Evoke the Staff o |       |       |       |       |     1 |    13 |     1 |       ||    15
Evoke: Wand              |       |       |     3 |     1 |     2 |     1 |     8 |       ||    15
       Condenser vane    |       |       |       |       |     1 |     2 |     1 |       ||     4
       Phial of floods   |       |       |       |       |     1 |       |       |       ||     1
       Tin of tremorston |       |       |       |       |       |       |     2 |       ||     2
  Use: Scroll            |       |       |    17 |     5 |     6 |     3 |    13 |     2 ||    46
       Potion            |       |       |       |     2 |     4 |     1 |     3 |       ||    10
 Stab: Distracted        |       |       |       |       |       |     2 |       |       ||     2
Armor: Robe              |     1 |     9 |    13 |    32 |    39 |    37 |       |       ||   131
       Scale mail        |       |       |       |       |       |   102 |    79 |     5 ||   186
Dodge: Dodged            |     5 |    14 |    19 |    86 |   140 |   353 |   155 |    17 ||   789
Block: Buckler           |       |       |       |       |    10 |   184 |    90 |    16 ||   300
